AoeStats
← paulsolleron

Arabia

509071646Analyzed
1v1 RM · 8d ago on Sep 25, 2026· 47m 9s· 2 players
Game mode
Random Map
Map size
Tiny (2 player)
Population
200
Speed
Normal
Resources
Standard
Victory
Conquest
Starting age
Dark Age
Ending age
Imperial Age
RankedLock teamsTeams togetherTeam positionsShared explorationLock speedFull tech treeHidden civsTurbo modeCheats
Victory
Defeat
🇹🇼 Romans · Taiwan
1071
+15
🇨🇳 Mongols · China
1044
-15
paulsolleron
6:10 Loom
9:00 Feudal Age
9:42 Double-Bit Axe
21:09 Castle Age
21:51 Bloodlines
25:41 Forging
25:38 Scale Barding Armor
27:33 Bow Saw
27:43 Gold Mining
30:31 Chain Barding Armor
30:40 Stone Mining
31:57 Gold Shaft Mining
31:11 Horse Collar
34:49 Husbandry
35:33 Wheelbarrow
35:40 Fletching
39:09 Stone Shaft Mining
43:56 Imperial Age
41:42 Hand Cart
41:14 Town Watch
42:51 Iron Casting
42:18 Padded Archer Armor
42:14 Bodkin Arrow
43:24 Heavy Plow
44:50 Bracer
45:44 Conscription
ryanlee0512
11:08 Feudal Age
11:12 Man-at-Arms
11:40 Double-Bit Axe
11:36 Horse Collar
14:52 Scale Mail Armor
15:04 Forging
21:53 Scale Barding Armor
26:01 Castle Age
27:07 Bow Saw
26:59 Heavy Plow
26:27 Pikeman
27:10 Squires
29:25 Gold Mining
29:28 Stone Mining
32:17 Chain Mail Armor
34:28 Long Swordsman
39:05 Imperial Age
38:16 Wheelbarrow
37:56 Masonry
38:22 Gold Shaft Mining
37:52 Husbandry
38:02 Bloodlines
38:50 Chain Barding Armor
39:43 Hand Cart
40:11 Iron Casting
39:11 Heavy Scorpion
39:59 Siege Engineers
41:37 Chemistry
41:50 Ballistas
42:07 Conscription
41:20 Halberdier
41:33 Capped Ram
43:03 Plate Barding Armor
44:39 Blast Furnace
43:20 Siege Ram
44:53 Crop Rotation
Connection lost

Rejoining the realm…

Still unreachable

The connection could not be restored.

Session expired

The server has moved on; the page needs a fresh start.